 Dungeon Crawl Stone Soup version 0.28.0-45-g0d030f2227 (webtiles) character file.

Game seed: 13257978230756406729

1831 sanboga the Chopper (level 9, -12/56 HPs)
             Began as a Gargoyle Fighter on Apr 20, 2022.
             Was an Initiate of Trog.
             Mangled by a wight
             ... wielding a +3 battleaxe
              (17 damage)
             ... on level 6 of the Dungeon.
             The game lasted 00:06:48 (6429 turns).

sanboga the Chopper (Gargoyle Fighter)              Turns: 6429, Time: 00:06:48

Health: -12/56     AC: 19    Str: 23    XL:     9   Next: 11%
Magic:  9/9        EV:  4    Int: 10    God:    Trog [......]
Gold:   157        SH: 13    Dex:  9    Spells: 8/8 levels left

rFire   . . .      SeeInvis +   a - +0 war axe
rCold   . . .      Faith    .   t - +0 tower shield
rNeg    + . .      Spirit   .   q - +0 chain mail
rPois   ∞          Reflect  .   (no helmet)
rElec   +          Harm     .   c - +0 cloak
rCorr   .          Rampage  .   i - +0 pair of gloves
Will    .....                   (no boots)
Stlth   ..........              (no amulet)
HPRegen 0.18/turn               e - ring of see invisible
MPRegen 0.11/turn               (no ring)

@: no status effects
A: sickness immunity, AC +6, negative energy resistance 1, electricity
resistance, torment resistance 1, petrification resistance
a: Renounce Religion


You were on level 6 of the Dungeon.
You worshipped Trog.
Trog was noncommittal.
You visited 2 branches of the dungeon, and saw 7 of its levels.

You collected 157 gold pieces.

Inventory:

Hand Weapons
 a - a +0 war axe (weapon)
Armour
 c - a +0 cloak (worn)
 i - a +0 pair of gloves (worn)
 q - a +0 chain mail (worn)
 t - a +0 tower shield (worn)
Jewellery
 e - a ring of see invisible (left hand)
 r - a ring of ice
Wands
 s - a wand of digging (3)
 u - a wand of polymorph (10)
 w - a wand of flame (13)
 y - a wand of paralysis (9)
Scrolls
 f - 2 scrolls of teleportation {unknown}
 g - a scroll of amnesia {unknown}
Potions
 d - a potion of might
 h - a potion of ambrosia
 j - a potion of cancellation {unknown}
 k - a potion of heal wounds
 l - a potion of invisibility
 m - a potion of haste {unknown}
 n - a potion of degeneration {unknown}
 o - a potion of curing {unknown}
 p - a potion of berserk rage {unknown}
 x - a potion of resistance {unknown}


   Skills:
 + Level 6.5 Fighting
 * Level 6.9 Axes
 + Level 6.4 Armour
 + Level 6.5 Shields


You had 8 spell levels left.
You didn't know any spells.
Your spell library contained the following spells:

 Spells                   Type           Power      Damage    Failure   Level
 Summon Small Mammal      Summ           0%         N/A       100%        1
 Call Canine Familiar     Summ           0%         N/A       100%        3
 Gell's Gravitas          Tloc           0%         N/A       100%        3
 Summon Guardian Golem    Hex/Summ       0%         N/A       100%        3
 Teleport Other           Tloc           0%         N/A       100%        3
 Dispersal                Tloc           0%         N/A       100%        6


Dungeon Overview and Level Annotations

Branches:
Dungeon (6/15)             Temple (1/1) D:4

Altars:
Ashenzari
Cheibriados
Elyvilon
Fedhas
Gozag
Hepliaklqana
Kikubaaqudgha
Makhleb
Nemelex Xobeh
Okawaru
Qazlal
Trog
Uskayaw
Vehumet
Wu Jian
Xom
Yredelemnul
Zin
The Shining One


Innate Abilities, Weirdness & Mutations

You are immune to sickness and miasma.
Your stone body is resilient. (AC +6)
You are immune to poison.
You resist negative energy. (rN+)
You are resistant to electric shocks. (rElec)
You are resistant to unholy torment.
You are immune to petrification.


Message History

You hit the wight.
The wight is moderately damaged.
You block the wight's attack. The wight hits you but does no damage.
You are too injured to fight recklessly!
You are too injured to fight recklessly!
You are too injured to fight recklessly!
You barely miss the wight.
The wight is moderately damaged.
The wight hits you from afar with a +3 spear of freezing.
The wight freezes you. You block the wight's attack. x2
The wight hits you but does no damage. You block the wight's attack. x2
You closely miss the wight.
The wight is severely damaged.
You hit the wight but do no damage.
The wight hits you but does no damage. x2
You closely miss the wight.
The wight is severely damaged.
You hit the wight but do no damage. You block the wight's attack. x2
The wight hits you but does no damage. x2
You slash the wight!
You destroy the wight!
Trog accepts your kill.
You closely miss the wight. You block the wight's attack.
You barely miss the wight.
The wight is moderately damaged.
You block the wight's attack. The wight hits you with a +3 battleaxe!
* * * LOW HITPOINT WARNING * * *
You closely miss the wight.
The wight is moderately damaged.
You block the wight's attack.
You hit the wight.
The wight is heavily damaged.
The wight hits you with a +3 battleaxe.
* * * LOW HITPOINT WARNING * * *
The wight hits you with a +3 battleaxe!
* * * LOW HITPOINT WARNING * * *
You hit the wight.
The wight is severely damaged.
The wight hits you with a +3 battleaxe!
You die...

####### #..$..#
#.....# #.....#
#.....###
#.......######.#
#.(.)z#.........
#....@)..#..#..
#######........ ##
....z...[..#### ..
.#######§.## .#
#..!## .# #. #.#..#.#
#. #.##...# #.#
##.###..##
####.######.......z..


You could see a wight.

Vanquished Creatures
  The ghost of issech the Skirmisher, a novice TrMo (D:5)
  Eustachio (D:5)
  A black bear (D:5)
  2 centaurs (D:5)
  2 scorpions (D:5)
  A water moccasin zombie (D:5)
  2 wights (D:6)
  A howler monkey (D:4)
  A centaur zombie (D:3)
  A bullfrog skeleton (D:5)
  A gnoll shaman (D:5)
  Crazy Yiuf (D:4)
  A centaur skeleton (D:6)
  5 orc priests
  An iguana (D:6)
  4 orc wizards
  6 gnolls
  5 adders
  28 orcs
  9 endoplasms
  A giant cockroach (D:1)
  10 hobgoblins
  6 quokkas
  4 ball pythons
  5 bats
  2 frilled lizards
  8 goblins
  7 kobolds
  5 rats
122 creatures vanquished.

Notes
Turn   | Place    | Note
-------+----------+-------------------------------------------
     0 | D:1      | sanboga the Gargoyle Fighter began the quest for the Orb.
     0 | D:1      | Reached XP level 1. HP: 14/14 MP: 1/1
   219 | D:1      | Reached XP level 2. HP: 19/19 MP: 2/2
   786 | D:1      | Found a faded altar of an unknown god.
   818 | D:1      | Reached XP level 3. HP: 23/23 MP: 3/3
  1685 | D:2      | Reached XP level 4. HP: 29/29 MP: 4/4
  2384 | D:3      | Reached XP level 5. HP: 32/33 MP: 5/5
  3078 | D:4      | Reached XP level 6. HP: 35/39 MP: 6/6
  3627 | D:4      | Found an iron altar of Okawaru.
  3812 | D:4      | Reached XP level 7. HP: 33/44 MP: 7/7
  3987 | D:4      | Found a staircase to the Ecumenical Temple.
  4043 | Temple   | Entered the Ecumenical Temple
  4135 | Temple   | Became a worshipper of Trog the Wrathful
  4239 | D:4      | Found a runed translucent door.
  4240 | D:4      | Noticed Crazy Yiuf
  4465 | D:4      | Found a basalt altar of Yredelemnul.
  4640 | D:4      | Killed Crazy Yiuf
  4788 | D:5      | Entered Level 5 of the Dungeon
  4961 | D:5      | Found a runed translucent door.
  4961 | D:5      | Noticed issech's ghost (novice TrMo)
  5009 | D:5      | Reached skill level 5 in Fighting
  5009 | D:5      | Reached skill level 5 in Armour
  5009 | D:5      | Reached skill level 5 in Shields
  5139 | D:5      | Noticed Eustachio
  5164 | D:5      | Killed Eustachio
  5165 | D:5      | Reached skill level 5 in Axes
  5234 | D:5      | Reached XP level 8. HP: 46/49 MP: 8/8
  6182 | D:5      | Killed issech's ghost
  6183 | D:5      | Reached XP level 9. HP: 29/56 MP: 9/9
  6429 | D:6      | Mangled by a wight

Illustrated notes

Levels and vault maps discovered:
D:1:      roderic_dead_forest, layout_basic, dreamdust_ecumenical_altar_statues
D:2:      cheibrodos_old_hovel, layout_basic, corexii_shack
D:3:      layout_loops_ring
D:4:      layout_loops_ring, grunt_temple_overflow_open,
          minmay_temple_entry_nine_rooms, uniq_crazy_yiuf_cottage
D:5:      layout_gridville, hellmonk_ghost_happy_afterlife, uniq_eustachio
D:6:      layout_rooms
Temple:   mainiacjoe_temple_coin_purse

Skill      XL: |  1  2  3  4  5  6  7  8 |
---------------+-------------------------+-----
Axes           | 2 3 4 5 6 |  6.9
Fighting       | 4 5 6 |  6.5
Armour         | 4 5 6 |  6.4
Shields        | 4 5 6 |  6.5

Action                   |  1- 3 |  4- 6 |  7- 9 || total
-------------------------+-------+-------+-------++-------
Melee: War axe           |   127 |   174 |   155 ||   456
  Use: Potion            |       |       |     5 ||     5
       Scroll            |       |       |     3 ||     3
 Stab: Invisible         |       |       |     4 ||     4
Armor: Scale mail        |    78 |    47 |       ||   125
       Chain mail        |       |    52 |   147 ||   199
       Skin              |       |       |    26 ||    26
Dodge: Dodged            |    77 |    72 |    35 ||   184
Block: Buckler           |    34 |    40 |       ||    74
       Tower shield      |       |       |   149 ||   149
